 Dungeon Crawl Stone Soup version 0.20-a0-277-g7db01f4 (webtiles) character file.

749 Junicave the Sneak (level 7, -5/43 HPs)
             Began as an Octopode Ice Elementalist on Dec 13, 2016.
             Was a Follower of Dithmenos.
             Slain by an orc warrior
             ... wielding a +0 flail
              (18 damage)
             ... on level 6 of the Dungeon.
             The game lasted 00:25:26 (5361 turns).

Junicave the Sneak (Octopode Ice Elementalist)      Turns: 5361, Time: 00:25:26

Health: -5/43      AC:  1    Str:  6 (9)  XL:     7   Next: 78%
Magic:  10/12      EV: 13    Int: 14 (17) God:    Dithmenos [*.....]
Gold:   287        SH:  0    Dex: 12 (13) Spells: 5/13 levels left

rFire  . . .     SeeInvis .     k - +1 dagger (drain)
rCold  . . .     Gourm    .     (no shield)
rNeg   . . .     Faith    .     (helmet restricted)
rPois  .         Spirit   .     (no amulet)
rElec  .         Reflect  .     (no ring)
rCorr  .         Harm     .     (no ring)
MR     .....                    (no ring)
Stlth  ++++......               (no ring)
                                (no ring)
                                (no ring)
                                (no ring)
                                (no ring)

@: wreathed by umbra, heavily drained
A: almost no armour, stealthy swim, amphibious, 8 rings, constrict 8, camouflage
1, gelatinous body 1
a: Renounce Religion


You were on level 6 of the Dungeon.
You worshipped Dithmenos.
Dithmenos was aware of your devotion.
You were not hungry.

You visited 2 branches of the dungeon, and saw 7 of its levels.

You collected 287 gold pieces.

Inventory:

Hand Weapons
 c - a +0 whip
 d - a +0 dagger
 e - a +0 dagger
 h - a +0 short sword
 j - a +0 hand axe of freezing
 k - a +1 dagger of draining (weapon)
 A - a +2 battleaxe
 D - a cursed +3 trident
 F - a +3 mace
Scrolls
 m - 2 scrolls of noise
 o - 3 scrolls of teleportation {unknown}
 p - 2 scrolls of random uselessness
 r - a scroll of blinking {unknown}
 w - a scroll of remove curse
 y - 2 scrolls of enchant armour {unknown}
 z - a scroll of fog
Potions
 g - a potion of magic
 i - 2 potions of degeneration
 l - 2 potions of curing
 n - 2 potions of lignification
 q - 2 potions of resistance
 v - 2 potions of haste
 x - a potion of agility
 C - 2 potions of invisibility
Books
 a - a book of Frost

   Spells                             Type                      Level
   a - Freeze                         Ice                          1
   b - Throw Frost                    Conjuration/Ice              2
   c - Ozocubu's Armour               Charms/Ice                   3
   d - Throw Icicle                   Conjuration/Ice              4
   e - Summon Ice Beast               Ice/Summoning                4
 u - a book of Misfortune

   Spells                             Type                      Level
   a - Confusing Touch                Hexes                        1
   b - Confuse                        Hexes                        3
   c - Gell's Gravitas                Hexes/Translocation          3
   d - Petrify                        Transmutation/Earth          4
   e - Metabolic Englaciation         Hexes/Ice                    5
   f - Yara's Violent Unravelling     Hexes/Transmutation          5
Comestibles
 b - 3 bread rations
 f - 3 beef jerkies
 s - 2 meat rations
 t - 2 royal jellies


   Skills:
 + Level 1.6(0.4) Fighting
 + Level 2.8(1.5) Short Blades
 + Level 0.6(0.0) Maces & Flails
 + Level 3.3(2.1) Dodging
 + Level 6.1(4.8) Stealth
 + Level 3.9(2.6) Spellcasting
   Level 1.0(0.0) Conjurations
 + Level 1.9(0.7) Hexes
 + Level 1.8(0.6) Charms
 + Level 4.0(2.7) Ice Magic


You had 5 spell levels left.
You knew the following spells:

 Your Spells              Type           Power        Failure   Level  Hunger
a - Freeze                Ice            #...         10%         1    #......
b - Ozocubu's Armour      Chrm/Ice       #.......     38%         3    ###....
c - Confusing Touch       Hex            #.....       21%         1    #......
d - Confuse               Hex            #.......     61%         3    ###....


Dungeon Overview and Level Annotations

Branches:
Dungeon (6/15)             Temple (1/1) D:6

Altars:
Ashenzari
Cheibriados
Dithmenos
Elyvilon
Fedhas
Gozag
Hepliaklqana
Kikubaaqudgha
Makhleb
Nemelex Xobeh
Okawaru
Qazlal
Ru
Sif Muna
Trog
Uskayaw
Vehumet
Xom
Yredelemnul
The Shining One


Innate Abilities, Weirdness & Mutations

You cannot wear most types of armour.
You are very stealthy in the water. (Stealth+)
You are amphibious.
You can wear up to eight rings at the same time.
You can use your tentacles to constrict eight enemies at once.
Your skin changes colour to match your surroundings (Stealth+).
Your rubbery body absorbs attacks. (AC +1, EV +1)


Message History

Press: ? - help, Shift-Dir - straight line, f - orc warrior
Aim: an orc warrior, wielding a flail and wearing a plate armour (umbra, chance to defeat MR: 35%)
The orc warrior appears confused.
The orc warrior barely misses the orc.
The orc misses you.
You hit the orc but do no damage. You drain the orc! Your grab misses the orc.
You squeeze the orc.
The orc is almost dead.
The orc hits you with a club.
You hit the orc.
You kill the orc!
Dithmenos accepts your kill.
You hit the orc warrior but do no damage.
You grab the orc warrior.
You constrict the orc warrior, but do no damage.
The orc warrior hits you with a flail!!
You hit the orc warrior but do no damage.
You squeeze the orc warrior, but do no damage.
You constrict the orc warrior, but do no damage.
The orc warrior hits you with a flail!!
You die...

.......#####.##.##.#
######..#
#z...............# #..#
#.........##.##.# #..####
#.#.z........##.# #......
.. #.#.######.##.#
##.##### ..#
#.#.######.##.# #..# .
#.#......>....# #.##
..#.######o##<#######.#
########.# #)@........#.#
o.o...##.# #.##.#...#.#.#
#####.##.# #.##.....#.#.#
#.##.######.####...#.#.#
#....o..o...##.....#.#.#
####.#########.....#.#.#
#...............#.#.#
###########.....#.#.######
#............<..


You could see an orc warrior.

Vanquished Creatures
  A water moccasin (D:4)
  3 wights (D:6)
  A crimson imp (D:5)
  2 hounds
  A jelly (D:2)
  A bullfrog skeleton (D:3)
  An orc priest (D:2)
  An orc wizard (D:6)
  2 iguanas
  2 worker ants
  The ghost of Vesto the Skirmisher, a weakling HOFi (D:3)
  6 adders
  3 shadow imps
  4 worms
  5 dart slugs
  6 leopard geckos
  12 orcs
  5 giant cockroaches
  8 goblins
  3 hobgoblins
  3 jackals (D:3)
  2 quokkas
  A ball python (D:3)
  9 bats
  5 frilled lizards
  11 kobolds
  6 rats
105 creatures vanquished.

Notes
Turn   | Place    | Note
-------+----------+-------------------------------------------
     0 | D:1      | Junicave the Octopode Ice Elementalist began the quest for the Orb.
     0 | D:1      | Reached XP level 1. HP: 11/11 MP: 3/3
   114 | D:1      | Reached XP level 2. HP: 12/17 MP: 5/5
   439 | D:1      | Reached XP level 3. HP: 18/21 MP: 6/6
   494 | D:2      | Learned a level 3 spell: Ozocubu's Armour
   532 | D:2      | Found a snail-covered altar of Cheibriados.
   533 | D:2      | Found an ancient bone altar of Kikubaaqudgha.
   535 | D:2      | Found a stormy altar of Qazlal.
   535 | D:2      | Found a basalt altar of Yredelemnul.
   590 | D:2      | Reached skill level 3 in Stealth
   625 | D:2      | Found a shadowy altar of Dithmenos.
   690 | D:2      | Found a shattered altar of Ashenzari.
  1186 | D:2      | Became a worshipper of Dithmenos the Shadowed
  1705 | D:2      | Reached XP level 4. HP: 6/27 MP: 1/7
  1891 | D:2      | Reached skill level 1 in Short Blades
  2019 | D:2      | Reached skill level 1 in Fighting
  2019 | D:2      | Reached skill level 4 in Stealth
  2019 | D:2      | Reached XP level 5. HP: 3/33 MP: 4/8
  2543 | D:3      | Reached skill level 1 in Charms
  2615 | D:3      | Reached XP level 6. HP: 31/38 MP: 6/10
  2631 | D:3      | Learned a level 1 spell: Confusing Touch
  2678 | D:3      | Reached * piety under Dithmenos
  2724 | D:3      | Found a faded altar of an unknown god.
  2800 | D:3      | Noticed Vesto's ghost (weakling HOFi)
  2828 | D:3      | Killed Vesto's ghost
  2960 | D:4      | Noticed a water moccasin
  2972 | D:4      | Killed a water moccasin
  3085 | D:4      | Found an iron altar of Okawaru.
  3111 | D:4      | Reached skill level 5 in Stealth
  3424 | D:5      | Entered Level 5 of the Dungeon
  3528 | D:5      | Found a burning altar of Makhleb.
  3574 | D:5      | Reached skill level 1 in Hexes
  3770 | D:5      | Learned a level 3 spell: Confuse
  3974 | D:5      | Reached XP level 7. HP: 43/43 MP: 11/11
  4401 | D:6      | Found a staircase to the Ecumenical Temple.
  4405 | Temple   | Entered the Ecumenical Temple
  4966 | D:6      | Reached skill level 6 in Stealth
  5361 | D:6      | Slain by an orc warrior

Vault maps used:
D:1:      tarquinn_simple_flora_water_c, grunt_decor_resistance, hex_medium,
          st_stairs_13
D:2:      chequers_temple_overflow_statue_of_worship,
          nicolae_ashenzari_panopticon, lemuel_tele_altar
D:3:      chequers_ecumenical_altar_simple_redux
D:4:      okawaru_ov_weapons_minmay, first_bread
D:5:      bloody_makhleb
D:6:      nicolae_dithmenos_shadow_blocks
Temple:   nicolae_temple_hex_pool

Skill      XL: |  1  2  3  4  5  6  7 |
---------------+----------------------+-----
Stealth        | 3 4 5 6 |  6.1
Short Blades   | 1 2 |  2.8
Fighting       | 1 |  1.6
Dodging        | 3 |  3.3
Charms         | 1 |  1.8
Spellcasting   | 3 |  3.9
Hexes          | 1 |  1.9
Ice Magic      | 4 |  4.0
Maces & Flails | |  0.6
Conjurations   | |  1.0

Action                   |  1- 3 |  4- 6 |  7- 9 || total
-------------------------+-------+-------+-------++-------
Melee: Dagger            |    62 |   136 |    65 ||   263
       Constrict         |    18 |    24 |    12 ||    54
       Whip              |     4 |       |       ||     4
       Tentacles         |    11 |    19 |    14 ||    44
       Unarmed           |     2 |       |       ||     2
       Short sword       |     6 |       |       ||     6
 Cast: Freeze            |     7 |     5 |     4 ||    16
       Ozocubu's Armour  |     1 |     6 |     6 ||    13
       Confusing Touch   |       |    13 |     1 ||    14
       Confuse           |       |       |     9 ||     9
  Use: Scroll            |       |    10 |       ||    10
       Potion            |       |     2 |     5 ||     7
 Stab: Sleeping          |    12 |    11 |     2 ||    25
       Distracted        |     1 |       |     1 ||     2
       Confused          |       |       |     3 ||     3
  Eat: Chunk             |     2 |     6 |     1 ||     9
       Bread ration      |       |     1 |     1 ||     2
Armor: Skin              |     8 |    17 |     5 ||    30
Dodge: Dodged            |    49 |    80 |    44 ||   173
